 Dungeon Crawl Stone Soup version 0.28.0-43-g3370ac3207 (webtiles) character file.

Game seed: 13844864732261578784

78 crimpus the Bolt Thrower (level 4, -8/25 HPs)
             Began as a Kobold Arcane Marksman on Mar 26, 2022.
             Killed from afar by Ijyb (18 damage)
             ... with an iceblast
             ... on level 3 of the Dungeon.
             The game lasted 00:03:52 (2738 turns).

crimpus the Bolt Thrower (Kobold Arcane Marksman)   Turns: 2738, Time: 00:03:53

Health: -8/25      AC:  4    Str:  7    XL:     4   Next: 61%
Magic:  5/5        EV: 16    Int: 14    God:
Gold:   114        SH:  0    Dex: 17    Spells: 1/5 levels left

rFire   . . .      SeeInvis .   a - +1 hand crossbow
rCold   . . .      Faith    .   (no shield)
rNeg    . . .      Spirit   .   d - +0 robe
rPois   .          Reflect  .   (no helmet)
rElec   .          Harm     .   e - +1 cloak
rCorr   .          Rampage  .   (no gloves)
Will    .....                   (no boots)
Stlth   +++.......              (no amulet)
HPRegen 0.08/turn               (no ring)
MPRegen 0.09/turn               (no ring)

@: no status effects
A: small, no large weapons, nightstalker 3
a: no special abilities


You were on level 3 of the Dungeon.
You visited 1 branch of the dungeon, and saw 3 of its levels.

You collected 114 gold pieces.

Inventory:

Hand Weapons
 a - a +1 hand crossbow (weapon)
 f - a +0 dagger of freezing
Missiles
 c - 4 bolts (quivered ammo)
Armour
 d - a +0 robe (worn)
 e - a +1 cloak (worn)
Jewellery
 h - a ring of protection from fire
Wands
 j - a wand of flame (27)
Scrolls
 g - 2 scrolls of immolation {unknown}
Potions
 b - a potion of haste


   Skills:
 + Level 1.3 Fighting
 + Level 4.1 Crossbows
 + Level 3.4 Dodging
 * Level 1.7 Stealth
 + Level 1.1 Spellcasting
 * Level 3.1 Hexes


You had one spell level left.
You knew the following spells:

 Your Spells              Type           Power      Damage    Failure   Level
a - Slow                  Hex            36%        N/A       7%          1
b - Portal Projectile     Hex/Tloc       10%        N/A       38%         3

Your spell library contained the following spells:

 Spells                   Type           Power      Damage    Failure   Level
 Inner Flame              Hex/Fire       5%         N/A       38%         3
 Cause Fear               Hex            4%         N/A       56%         4


Dungeon Overview and Level Annotations

Branches:
Dungeon (3/15)

Altars:

Annotations:
D:3 Ijyb


Innate Abilities, Weirdness & Mutations

You are small and have problems with some larger weapons.
You are completely attuned to the shadows.


Message History

An endoplasm is nearby!
You shoot a bolt. The bolt hits the endoplasm.
The endoplasm quivers.
The endoplasm is moderately wounded.
You shoot a bolt. The bolt hits the endoplasm.
The endoplasm is severely wounded.
You shoot a bolt. The bolt hits the endoplasm.
You kill the endoplasm!
c - 5 bolts (gained 1)
c - 6 bolts (gained 1)
c - 7 bolts (gained 1)
You now have 114 gold pieces (gained 14).
g - a scroll labelled EFEXZA NEI
g - 2 scrolls labelled EFEXZA NEI (gained 1)
Found a stone staircase leading up.
There is a stone staircase leading up here.
Ijyb is nearby!
You shoot a bolt. The bolt closely misses Ijyb.
Ijyb shouts!
Ijyb zaps a wand.
The mass of ice explodes!
The iceblast engulfs you!
Ouch! That really hurt!
You are too injured to fight recklessly!
You are too injured to fight recklessly!
You are too injured to fight recklessly!
You are too injured to fight recklessly!
You are too injured to fight recklessly!
You are too injured to fight recklessly!
Fire: 6 bolts
Press: ? - help, Q - select action, (/) - cycle Shift-Dir - straight line, f/p - Ijyb
Aim: Ijyb, wielding a +0 club, wearing a +0 leather armour, wearing a ring of resist corrosion, quivering stones and carrying a wand of iceblast (8) (60% to hit)
You shoot a bolt. The bolt hits Ijyb.
Ijyb is moderately wounded.
Fire: 5 bolts
Press: ? - help, Q - select action, (/) - cycle Shift-Dir - straight line, f/p - Ijyb
Aim: Ijyb, wielding a +0 club, wearing a +0 leather armour, wearing a ring of resist corrosion, quivering stones and carrying a wand of iceblast (8) (moderately wounded, 60% to hit)
You shoot a bolt. The bolt hits Ijyb but does no damage.
Ijyb is moderately wounded.
Ijyb zaps a wand.
The mass of ice explodes!
The iceblast engulfs you!!
Ouch! That really hurt!
You die...

#########
##....@..#
##..###'''#
##..##
♣.g.♣
##..##
#..(#
##..##
.#.#( #..##
###
#######.##
##..
......<##
##...
.......#
.....


You could see Ijyb.

Vanquished Creatures
  Robin (D:2)
  A gnoll (D:1)
  An adder (D:2)
  2 dart slugs
  2 ball pythons
  3 endoplasms
  3 giant cockroaches (D:1)
  6 goblins
  8 hobgoblins
  A quokka (D:2)
  6 bats
  A frilled lizard (D:1)
  4 kobolds (D:1)
  2 rats (D:1)
  A spectral kobold (D:2)
42 creatures vanquished.

Notes
Turn   | Place    | Note
-------+----------+-------------------------------------------
     0 | D:1      | crimpus the Kobold Arcane Marksman began the quest for the
                  | Orb.
     0 | D:1      | Reached XP level 1. HP: 12/12 MP: 2/2
   223 | D:1      | Reached XP level 2. HP: 16/16 MP: 3/3
   589 | D:1      | Reached skill level 3 in Crossbows
   589 | D:1      | Reached XP level 3. HP: 13/20 MP: 4/4
   884 | D:1      | Reached skill level 1 in Stealth
  1619 | D:2      | Reached XP level 4. HP: 25/25 MP: 5/5
  1674 | D:2      | Found a faded altar of an unknown god.
  1808 | D:2      | Learned a level 3 spell: Portal Projectile
  1815 | D:2      | Noticed Robin
  1816 | D:2      | Reached skill level 4 in Crossbows
  1819 | D:2      | Killed Robin
  1982 | D:3      | Noticed Ijyb
  2738 | D:3      | Killed from afar by Ijyb

Illustrated notes

Levels and vault maps discovered:
D:1:      dpeg_arrival_tiny_d, layout_basic
D:2:      layout_basic, dreamdust_ecumenical_altar_drowned_temple, uniq_robin
D:3:      minmay_angry_zag, layout_rooms, chequers_serial_rivers_small_b,
          kennysheep_cluttered_room, minmay_quantized, uniq_ijyb

Skill      XL: |  1  2  3  4 |
---------------+-------------+-----
Dodging        | 3 |  3.4
Crossbows      | 3 4 |  4.1
Stealth        | 1 |  1.7
Fighting       | |  1.3
Spellcasting   | |  1.1
Hexes          | |  3.1

Action                   |  1- 3 |  4- 6 || total
-------------------------+-------+-------++-------
 Fire: Hand crossbow     |    83 |    38 ||   121
  Use: Scroll            |     1 |     4 ||     5
       Potion            |       |     1 ||     1
Armor: Robe              |    10 |     2 ||    12
Dodge: Dodged            |    44 |     5 ||    49
